 Dungeon Crawl Stone Soup version 0.29.1 (webtiles) character file.

Game seed: 10667075974783135454

324 qw the Chopper (level 6, -6/38 HPs)
             Began as a Gargoyle Fighter on Sept 13, 2022.
             Mangled by a wight
             ... wielding a +2 scimitar of electrocution
              (10 damage)
             ... on level 4 of the Dungeon.
             The game lasted 00:01:04 (2800 turns).

qw the Chopper (Gargoyle Fighter)                   Turns: 2800, Time: 00:01:04

Health: -6/38      AC: 13    Str: 22    XL:     6   Next: 48%
Magic:  6/6        EV:  7    Int:  8    God:
Gold:   165        SH:  4    Dex:  9    Spells: 5/5 levels left

rFire   . . .      SeeInvis .   Y - +0 war axe (vorpal)
rCold   . . .      Faith    .   c - +0 buckler
rNeg    + . .      Spirit   .   k - +0 chain mail
rPois   inf        Reflect  .   (no helmet)
rElec   +          Harm     .   (no cloak)
rCorr   .          Rampage  .   (no gloves)
Will    .....                   (no boots)
Stlth   ..........              l - amulet of regeneration
HPRegen 0.92/turn               (no ring)
MPRegen 0.10/turn               (no ring)

@: no status effects
A: sickness immunity, AC +4, negative energy resistance 1, electricity
resistance, torment resistance 1, petrification resistance
a: no special abilities


You were on level 4 of the Dungeon.
You visited 1 branch of the dungeon, and saw 4 of its levels.

You collected 165 gold pieces.


Innate Abilities, Weirdness & Mutations

You are immune to sickness and miasma.
Your stone body is resilient. (AC +4)
You are immune to poison.
You resist negative energy. (rN+)
You are resistant to electric shocks. (rElec)
You are resistant to unholy torment.
You are immune to petrification.


   Skills:
 - Level 4.2 Fighting
 + Level 5.6 Axes
 - Level 3.2 Armour
 - Level 3.2 Shields


You had 5 spell levels left.
You didn't know any spells.
Your spell library was empty.

Inventory:

Hand Weapons
 b - a +0 flail
 Y - a +0 vorpal war axe (weapon)
Armour
 c - a +0 buckler (worn)
 k - a +0 chain mail (worn)
Jewellery
 l - an amulet of regeneration (around neck)
Scrolls
 a - a scroll of fog
 j - a scroll of identify
 n - a scroll of amnesia {unknown}
Potions
 d - 2 potions of might
 e - a potion of degeneration {unknown}
 f - a potion of resistance {unknown}
 g - a potion of curing {unknown}
 h - a potion of flight {unknown}
 i - a potion of heal wounds {unknown}
 m - a potion of brilliance {unknown}

Dungeon Overview and Level Annotations

Branches:
Dungeon (4/15)
 Temple: D:4-7

Altars:
Makhleb

Shops:
D:1 [*[   D:3 [


Message History

The wight is severely damaged.
The wight closely misses you.
You closely miss the wight.
The wight is severely damaged.
The wight barely misses you.
You closely miss the wight.
The wight is severely damaged.
The wight hits you but does no damage.
You barely miss the wight.
The wight is severely damaged.
The wight hits you with a +0 flail! x2
You closely miss the wight.
The wight is severely damaged.
The wight hits you but does no damage.
You hit the wight.
The wight is almost destroyed.
The wight barely misses you.
You hit the wight.
You destroy the wight!
The wight hits you but does no damage.
You have reached level 6!
You closely miss the wight. The wight hits you with a +0 scimitar.
You hit the wight but do no damage. The wight barely misses you.
The wight hits you with a +0 scimitar!
You slash the wight!
The wight is heavily damaged.
The wight closely misses you.
You slash the wight!
You destroy the wight!
You hit the wight but do no damage.
The wight hits you with a +2 scimitar of electrocution!
You hit the wight.
The wight is moderately damaged.
The wight completely misses you.
The wight hits you with a +2 scimitar of electrocution.
You closely miss the wight.
The wight is moderately damaged.
The wight hits you with a +2 scimitar of electrocution!
You die...

..# #.# ..###.
..####<####..:...
..##...........).
.................
..##...........#.
..##.<.........# ####
..##...........# ...######.
...#..%%.......#####.........
#..#...........)@z.........#
#..#..........~~~~~~~~~....#
#.....#######.~¤¤¤¤¤.¤~....#
#.#...# #...~¤¤¤¤¤~.~....#
#.#...#####.#...¤...~.¤....#
..#...#.....).~¤¤¤_.~.~[...#
###...#.#####.¤.¤...~.~....#
..............~.~~.~~.~.####
###...#.####..~.......~.#


You could see a wight.

Vanquished Creatures
  3 wights (D:4)
  An orc priest (D:3)
  A hound (D:4)
  4 adders
  A worm (D:2)
  3 dart slugs
  5 orcs (D:3)
  7 ball pythons
  4 endoplasms
  4 giant cockroaches
  4 hobgoblins (D:1)
  7 jackals
  3 kobolds
  4 quokkas
  A bat (D:3)
  2 frilled lizards
  3 goblins
  3 rats
60 creatures vanquished.

Notes
Turn   | Place    | Note
-------+----------+-------------------------------------------
     0 | D:1      | qw the Gargoyle Fighter began the quest for the Orb.
     0 | D:1      | Reached XP level 1. HP: 14/14 MP: 1/1
     0 | D:1      | 0 ||| qw: Version: 0.1-a-119-g272c26d
     0 | D:1      | 0 ||| qw: Game counter: 11176
     0 | D:1      | 0 ||| qw: Always use a shield: true
     0 | D:1      | 0 ||| qw: God list: Okawaru
     0 | D:1      | 0 ||| qw: Allow faded altars: false
     0 | D:1      | 0 ||| qw: Do Orc after D:15 true
     0 | D:1      | 0 ||| qw: Do second Lair branch before Depths: true
     0 | D:1      | 0 ||| qw: Lair rune preference: random
     0 | D:1      | 0 ||| qw: Plans: Normal, Zot, God:TSO, Crypt, Tomb, Pan,
                  | Slime, Hells, Zig, Abyss, Orb
     0 | D:1      | 0 ||| PLANNING D:1-11
    26 | D:1      | 26 ||| Stepping ~*~*~tactically~*~*~ (stealth).
    28 | D:1      | 28 ||| Stepping ~*~*~tactically~*~*~ (stealth).
    39 | D:1      | Reached skill level 2 in Axes
    42 | D:1      | 42 ||| Stepping ~*~*~tactically~*~*~ (stealth).
   191 | D:1      | Found Bemu's General Store.
   198 | D:1      | Found Puvas's Armour Emporium.
   200 | D:1      | 200 ||| SHOPLISTING +3 whip "Sist" {speed, Fragile rElec
                  | Str+4} (471 gold, have 7).
   200 | D:1      | 200 ||| SHOPLISTING potion of resistance (120 gold, have
                  | 7).
   200 | D:1      | 200 ||| SHOPLISTING ring of willpower (300 gold, have 7).
   212 | D:1      | Reached XP level 2. HP: 13/19 MP: 2/2
   306 | D:1      | 306 ||| SHOPLISTING +1 helmet of intelligence (181 gold,
                  | have 7).
   306 | D:1      | 306 ||| SHOPLISTING +9 scale mail "Upturuiz" {Rampage
                  | +Blink rElec} (770 gold, have 7).
   306 | D:1      | 306 ||| SHOPLISTING scarf of repulsion (132 gold, have 7).
   532 | D:1      | 532 ||| Stepping ~*~*~tactically~*~*~ (stealth).
   533 | D:1      | 533 ||| Stepping ~*~*~tactically~*~*~ (stealth).
   541 | D:1      | 541 ||| Stepping ~*~*~tactically~*~*~ (stealth).
   544 | D:1      | 544 ||| Stepping ~*~*~tactically~*~*~ (stealth).
   587 | D:1      | Found Cybeil's Armour Shop.
   601 | D:1      | 601 ||| SHOPLISTING +0 cloak (58 gold, have 40).
   601 | D:1      | 601 ||| SHOPLISTING +0 cloak of willpower (149 gold, have
                  | 40).
   601 | D:1      | 601 ||| SHOPLISTING +0 pair of gloves (58 gold, have 40).
   601 | D:1      | 601 ||| SHOPLISTING +2 robe of fire resistance (230 gold,
                  | have 40).
   601 | D:1      | 601 ||| SHOPLISTING +5 plate armour of the Alphagorgon {rF-
                  | Int+2 Dex+8} (897 gold, have 40).
   712 | D:1      | Reached skill level 3 in Axes
   861 | D:1      | Reached XP level 3. HP: 23/23 MP: 3/3
   939 | D:1      | 939 ||| READING scroll labelled YRCHUM RITYAT.
   940 | D:1      | 940 ||| READING scroll labelled GOHOCO PAAC.
   943 | D:1      | 943 ||| READING scroll labelled KOUZEXKI HACVI.
   944 | D:1      | 944 ||| READING scroll labelled HYHUUL NIF BEC.
   945 | D:1      | 945 ||| DRINKING 2 cyan potions.
   946 | D:1      | 946 ||| DROPPING potion of magic.
  1292 | D:2      | Reached XP level 4. HP: 28/28 MP: 4/4
  1612 | D:2      | 1612 ||| Stepping ~*~*~tactically~*~*~ (stealth).
  1613 | D:2      | 1613 ||| Stepping ~*~*~tactically~*~*~ (stealth).
  1882 | D:2      | 1882 ||| UPGRADING to +0 chain mail.
  1892 | D:2      | 1892 ||| DROPPING +0 scale mail.
  1893 | D:2      | 1893 ||| READING scroll labelled NAUTUELLAKK.
  1894 | D:2      | 1894 ||| READING scroll labelled TUPSOH CULEVU.
  1908 | D:3      | Found Owimeu's Armour Boutique.
  1918 | D:3      | 1918 ||| SHOPLISTING +2 ratskin cloak {*Rats rPois rN+
                  | Str-1 Int-1 Dex+1} (278 gold, have 101).
  1918 | D:3      | 1918 ||| SHOPLISTING +3 buckler of Nuill {rN++ Slay-2} (286
                  | gold, have 101).
  1918 | D:3      | 1918 ||| SHOPLISTING +3 plate armour of cold resistance
                  | (450 gold, have 101).
  1953 | D:3      | Reached skill level 4 in Axes
  1958 | D:3      | 1958 ||| Stepping ~*~*~tactically~*~*~ (stealth).
  2005 | D:3      | 2005 ||| Stepping ~*~*~tactically~*~*~ (hiding).
  2007 | D:3      | 2007 ||| Stepping ~*~*~tactically~*~*~ (stealth).
  2044 | D:3      | HP: 7/28 [ball python (3)]
  2047 | D:3      | HP: 1/28 [orc/+0 flail (6)]
  2050 | D:3      | Reached XP level 5. HP: 2/32 MP: 5/5
  2374 | D:3      | 2374 ||| DROPPING +0 club.
  2509 | D:3      | Found a faded altar of an unknown god.
  2634 | D:3      | 2634 ||| UPGRADING to amulet of regeneration.
  2639 | D:3      | 2639 ||| READING scroll labelled WEB DOTASM.
  2662 | D:4      | Reached skill level 5 in Axes
  2721 | D:4      | Found a burning altar of Makhleb.
  2794 | D:4      | Reached XP level 6. HP: 21/38 MP: 6/6
  2798 | D:4      | HP: 5/38 [wight/+2 scimitar of electrocution (9)]
  2800 | D:4      | Mangled by a wight

Levels and vault maps discovered:
D:1:      dpeg_arrival_orchard, layout_basic, serial_shops,
          nicolae_shop_statue_plus, shop, nicolae_shop_window_shopping
D:2:      layout_basic
D:3:      layout_rooms, serial_shops, shop_fountains,
          ebering_ecumenical_altar_abandoned
D:4:      layout_basic, nicolae_dithmenos_through_a_glass_darkly,
          mainiacjoe_overflow_concentric_impassable,
          chequers_temple_overflow_statue_of_worship, roderic_serpentine_path,
          minmay_misc_feat_plants

Skill      XL: |  1  2  3  4  5 |
---------------+----------------+-----
Axes           | 2 3 4 5 |  5.6
Fighting       | 4 |  4.2
Armour         | |  3.2
Shields        | |  3.2

Action                   |  1- 3 |  4- 6 || total
-------------------------+-------+-------++-------
Melee: War axe           |   100 |   103 ||   203
  Use: Scroll            |     4 |     3 ||     7
       Potion            |     1 |       ||     1
Armor: Scale mail        |    54 |     9 ||    63
       Chain mail        |       |    54 ||    54
Dodge: Dodged            |    42 |    49 ||    91
Block: Buckler           |    22 |    15 ||    37

Table legend:
 A = Non-vault XP
 B = Vault XP
 C = Vault XP percentage of total XP
 D = Non-vault monster count
 E = Vault monster count
 F = Vault count percentage of total count
                 A         B        C        D         E       F
            +---------+---------+-------+---------+---------+-------
      Total |     463 |       0 |   0.0 |      60 |       0 |   0.0
            +---------+---------+-------+---------+---------+-------
        D:1 |      34 |       0 |   0.0 |      19 |       0 |   0.0
        D:2 |      62 |       0 |   0.0 |      14 |       0 |   0.0
        D:3 |      78 |       0 |   0.0 |      18 |       0 |   0.0
        D:4 |     289 |       0 |   0.0 |       9 |       0 |   0.0
            +---------+---------+-------+---------+---------+-------
